 Dungeon Crawl Stone Soup version 0.21.1-1-g345015f (webtiles) character file.

706 raistware the Magician (level 7, 0/46 HPs)
             Began as a Mummy Wizard on Apr 4, 2018.
             Slain by aaeveom's ghost (9 damage)
             ... on level 5 of the Dungeon.
             The game lasted 00:24:06 (5405 turns).

raistware the Magician (Mummy Wizard)               Turns: 5405, Time: 00:24:07

Health: 0/46       AC: 12    Str: 11    XL:     7   Next: 39%
Magic:  3/16       EV: 12    Int: 27    God:
Gold:   259        SH:  0    Dex: 10    Spells: 5/18 levels left

rFire    . . .     SeeInvis .   d - +2 dagger (protect)
rCold    . . .     Gourm    .   (no shield)
rNeg     + + +     Faith    .   a - +0 robe
rPois    ∞         Spirit   .   i - +2 helmet {Int+3}
rElec    .         Reflect  .   (no cloak)
rCorr    .         Harm     .   (no gloves)
MR       .....                  (no boots)
Stlth    ++........             (no amulet)
HPRegen  0.15/turn              k - +5 ring of intelligence
MPRegen  0.15/turn              o - ring of fire

@: protection aura
A: no food or potions, fire vulnerability, cold resistance 1, negative energy
resistance 3, torment resistance, unbreathing
a: no special abilities


You were on level 5 of the Dungeon.
You were not hungry.

You visited 2 branches of the dungeon, and saw 6 of its levels.

You collected 259 gold pieces.

Inventory:

Hand Weapons
 d - a +2 dagger of protection (weapon)
 r - a +1 vampiric long sword
 u - a +0 flail of holy wrath
Missiles
 s - 2 tomahawks of dispersal (quivered)
Armour
 a - a +0 robe (worn)
 i - a +2 helmet of intelligence (worn)
Jewellery
 k - a +5 ring of intelligence (left hand)
 m - an uncursed ring of protection from magic
 o - a ring of fire (right hand)
 t - a +4 ring of strength {unknown}
Wands
 q - a wand of disintegration (18)
Scrolls
 e - 2 scrolls of immolation {unknown}
 f - a scroll of enchant weapon {unknown}
 g - 3 scrolls of amnesia {unknown}
 h - a scroll of magic mapping {unknown}
 j - 10 scrolls of identify {unknown}
 l - 2 scrolls of enchant armour {unknown}
 n - 2 scrolls of remove curse {unknown}
 p - 2 scrolls of blinking {unknown}
 w - a scroll of vulnerability {unknown}
Books
 c - a book of Minor Magic

   Spells                             Type                      Level
   a - Magic Dart                     Conjuration                  1
   b - Blink                          Translocation                2
   c - Call Imp                       Summoning                    2
   d - Slow                           Hexes                        2
   e - Conjure Flame                  Conjuration/Fire             3
   f - Mephitic Cloud                 Conjuration/Poison/Air       3
 v - a book of Debilitation

   Spells                             Type                      Level
   a - Corona                         Hexes                        1
   b - Slow                           Hexes                        2
   c - Inner Flame                    Hexes/Fire                   3
   d - Portal Projectile              Hexes/Translocation          3
   e - Cause Fear                     Hexes                        4
   f - Leda's Liquefaction            Hexes/Earth                  4


   Skills:
 - Level 1.5 Dodging
 - Level 1.5 Stealth
 - Level 6.0 Spellcasting
 + Level 6.0 Conjurations
 - Level 0.7 Summonings
 - Level 0.7 Translocations


You had 5 spell levels left.
You knew the following spells:

 Your Spells              Type           Power        Failure   Level  Hunger
a - Magic Dart            Conj           ####         1%          1    N/A
b - Blink                 Tloc           N/A          8%          2    N/A
c - Call Imp              Summ           ##......     8%          2    N/A
d - Slow                  Hex            #.......     10%         2    N/A
e - Conjure Flame         Conj/Fire      #####...     5%          3    N/A
f - Mephitic Cloud        Conj/Pois/Air  ###.....     9%          3    N/A

Dungeon Overview and Level Annotations

Branches:
Dungeon (5/15)             Temple (1/1) D:5

Altars:
Ashenzari
Dithmenos
Elyvilon
Hepliaklqana
Kikubaaqudgha
Makhleb
Okawaru
Qazlal
Uskayaw
Vehumet
Wu Jian
Yredelemnul
Zin
The Shining One

Annotations:
D:2 Terence
D:5 aaeveom's ghost, novice MiBe


Innate Abilities, Weirdness & Mutations

You do not eat or drink.
Your flesh is vulnerable to fire.
You are immune to poison.
Your flesh is cold resistant. (rC+)
You are immune to negative energy. (rN+++)
You are immune to unholy pain and torment.
You can survive without breathing.


Message History

Aaeveom's ghost is engulfed in blazing flames.
Aaeveom's ghost closely misses you.
Evoke which item? (* to show all) (? for menu, Esc to quit)
Aiming: Disintegrate
Press: ? - help, Shift-Dir - straight line, f/p - aaeveom's ghost
Aim: aaeveom's ghost (flame, almost destroyed, chance to defeat MR: 36%) Aaeveom's ghost easily resists.
Aaeveom's ghost is engulfed in blazing flames.
Aaeveom's ghost wails.
Aaeveom's ghost hits you.
* * * LOW HITPOINT WARNING * * *
Throwing (i - inventory. (,) - cycle):
b - a throwing net (quivered)
Press: ? - help, Shift-Dir - straight line, f/p - aaeveom's ghost
Aim: aaeveom's ghost (flame, almost destroyed, immune to nets)
You throw a throwing net. The throwing net hits aaeveom's ghost.
The net passes right through aaeveom's ghost!
Aaeveom's ghost is almost destroyed.
Aaeveom's ghost is engulfed in blazing flames.
Aaeveom's ghost hits you!
You die...

#...#
#.#
###.#
####.#
#.#
#....#
#.#
#.####
#.#
#.#
#[#
#>#
#.#
#.#
#.#
#.#
#.#
#@#
#.#
#W#
#.#
#!#
#.#
#§#
#.#
#.#
#.###
#.#
#...#
#.#
###.#
#.#
#.#


You could see aaeveom's ghost.

Vanquished Creatures
  The ghost of HammerPanzer the Cudgeler, an amateur DrBe of Trog (D:3)
  A sky beast (D:5)
  A bullfrog zombie (D:5)
  2 hounds
  4 orc wizards
  Jessica (D:3)
  2 worker ants
  Robin (D:3)
  3 gnolls (D:3)
  3 adders
  An ooze (D:2)
  An adder zombie (D:5)
  2 worms (D:3)
  2 dart slugs
  4 leopard geckos
  12 orcs
  A ball python (D:1)
  6 giant cockroaches
  15 goblins
  14 hobgoblins
  3 jackals
  A quokka (D:4)
  4 bats
  4 frilled lizards
  10 kobolds
  2 rats
  A spectral orc (D:5)
102 creatures vanquished.

Notes
Turn   | Place    | Note
-------+----------+-------------------------------------------
     0 | D:1      | raistware the Mummy Wizard began the quest for the Orb.
     0 | D:1      | Reached XP level 1. HP: 13/13 MP: 5/5
    38 | D:1      | Reached skill level 1 in Conjurations
   217 | D:1      | Reached XP level 2. HP: 19/19 MP: 1/7
   664 | D:1      | Reached XP level 3. HP: 6/24 MP: 1/8
   765 | D:1      | Learned a level 2 spell: Blink
   768 | D:1      | Learned a level 2 spell: Call Imp
   771 | D:1      | Learned a level 2 spell: Slow
   775 | D:1      | Learned a level 3 spell: Conjure Flame
  1242 | D:2      | Found an ancient bone altar of Kikubaaqudgha.
  1520 | D:2      | Reached XP level 4. HP: 30/30 MP: 5/10
  1783 | D:3      | Found an ornate altar of the Wu Jian Council.
  2014 | D:3      | Noticed HammerPanzer's ghost (amateur DrBe)
  2147 | D:3      | Killed HammerPanzer's ghost
  2147 | D:3      | Reached skill level 5 in Conjurations
  2147 | D:3      | Reached XP level 5. HP: 26/35 MP: 0/11
  2284 | D:3      | Reached XP level 6. HP: 41/41 MP: 8/12
  2494 | D:3      | Noticed Terence
  2918 | D:3      | Learned a level 3 spell: Mephitic Cloud
  3020 | D:3      | Noticed Jessica
  3025 | D:3      | Killed Jessica
  3217 | D:3      | Noticed Robin
  3266 | D:3      | Killed Robin
  3647 | D:4      | Found a stormy altar of Qazlal.
  3648 | D:4      | Found a hide-covered altar of Uskayaw.
  3709 | D:4      | Reached skill level 5 in Spellcasting
  3814 | D:4      | Reached XP level 7. HP: 45/46 MP: 8/14
  4467 | D:5      | Entered Level 5 of the Dungeon
  4958 | D:5      | Found a staircase to the Ecumenical Temple.
  4970 | Temple   | Entered the Ecumenical Temple
  5170 | D:5      | Found a basalt altar of Yredelemnul.
  5389 | D:5      | Noticed aaeveom's ghost (novice MiBe)
  5405 | D:5      | Slain by aaeveom's ghost

Skill      XL: |  1  2  3  4  5  6  7 |
---------------+----------------------+-----
Conjurations   | 1 2 3 5 6 |  6.0
Spellcasting   | 5 6 |  6.0
Dodging        | |  1.5
Stealth        | |  1.5
Summonings     | |  0.7
Translocations | |  0.7

Action                   |  1- 3 |  4- 6 |  7- 9 || total
-------------------------+-------+-------+-------++-------
Melee: Dagger            |    38 |    39 |    12 ||    89
Throw: Throwing net      |       |       |     1 ||     1
 Cast: Magic Dart        |    75 |   113 |    44 ||   232
       Conjure Flame     |       |     9 |     4 ||    13
       Mephitic Cloud    |       |     5 |       ||     5
       Blink             |       |     2 |       ||     2
       Call Imp          |       |     1 |       ||     1
       Slow              |       |       |     1 ||     1
Evoke: Wand              |       |       |     3 ||     3
 Stab: Confused          |       |     1 |       ||     1
Armor: Robe              |    22 |    18 |     8 ||    48
Dodge: Dodged            |    49 |    25 |     8 ||    82
